 Dungeon Crawl Stone Soup version 0.30.1-3-gfc49f6343a (webtiles) character file.

Game seed: 8228615426827831485

30 cowcol the Covered (level 3, -2/33 HPs)
             Began as a Minotaur Fighter on July 28, 2023.
             Slain by Sigmund
             ... wielding a +0 scythe
              (8 damage)
             ... on level 2 of the Dungeon.
             The game lasted 00:03:07 (883 turns).

cowcol the Covered (Minotaur Fighter)                Turns: 883, Time: 00:03:08

Health: -2/33      AC:  7    Str: 22    XL:     3   Next: 3%
Magic:  2/2        EV:  9    Int:  5    God:
Gold:   102        SH:  4    Dex:  9    Spells: 2/2 levels left

rFire   . . .        a - +0 war axe
rCold   . . .        c - +0 buckler
rNeg    . . .        b - +0 scale mail
rPois   .            (helmet restricted)
rElec   .            (no cloak)
rCorr   .            (no gloves)
SInv    .            (no boots)
Will    .....        (no amulet) Stlth
                     (no ring)
HPRegen 0.25/turn    (no ring)
MPRegen 0.08/turn

%: no passive effects
@: mighty
A: horns 2, retaliatory headbutt
a: no special abilities


You were on level 2 of the Dungeon.
You visited 1 branch of the dungeon, and saw 2 of its levels.

You collected 102 gold pieces.

Inventory:

Hand Weapons
 a - a +0 war axe (weapon)
Missiles
 i - an atropa-tipped dart (quivered)
Armour
 b - a +0 scale mail (worn)
 c - a +0 buckler (worn)
 e - a +0 chain mail
Scrolls
 l - a scroll of enchant armour {unknown}
Potions
 f - a potion of heal wounds {unknown}
 g - 2 potions of flight {unknown}
 h - a potion of curing {unknown}
 j - a potion of lignification {unknown}


   Skills:
 + Level 4.1 Fighting
 + Level 2.8 Axes
 + Level 4.1 Armour
 + Level 4.0 Shields


You had 2 spell levels left.
You didn't know any spells.
Your spell library was empty.

Dungeon Overview and Level Annotations

Branches:
Dungeon (2/15)

Altars:
Kikubaaqudgha

Annotations:
D:2 Sigmund


Innate Abilities, Weirdness & Mutations

You have a pair of horns on your head.
You reflexively headbutt those who attack you in melee.


Message History

Press: ? - help, Q - select action Dir - look around, f - activate Look: Sigmund, wielding a +0 scythe and wearing a +0 robe You throw an atropa-tipped dart.
i - an atropa-tipped dart You bump into the rock wall.
You bump into the rock wall.
You feel less confused.
Sigmund drinks a potion.
Sigmund flickers and vanishes!
Deactivating autopickup; reactivate with Ctrl-A.
You feel very mighty all of a sudden. Something hits you. Something hits you.
You miss something. Something hits you.
You closely miss something. Something hits you.
You miss something. You miss something. Your headbutt misses something.
You hear some strange, mumbled words.
You are confused.
You hear some strange, mumbled words.
Something tries to affect you, but you resist.
You miss something.
You hear some strange, mumbled words.
A magic dart appears from out of thin air!
The magic dart hits you.
You bump into the rock wall.
You hear some strange, mumbled words.
A puff of flame appears from out of thin air!
The puff of flame hits you.
You barely miss something. Something hits you but does no damage.
Unknown command.
You bump into the rock wall.
Something hits you!
* * * LOW HITPOINT WARNING * * *
You miss something. Something hits you but does no damage.
You bump into the rock wall.
You feel less confused. Something hits you.
* * * LOW HITPOINT WARNING * * *
You hit something. You miss something. Something hits you!
You die...

## (.. #.# .#
#..# #######.##
#..### #.........
#...###.........
####.............
+.@{.(..........
. #######......##
. #......#####.
...#(.....#.....
...........#.....
#..........#.[...
##.._............
#...........#+##
#.........#.#.##


There were no monsters in sight!

Vanquished Creatures
  A dart slug (D:1)
  A ball python (D:1)
  3 endoplasms
  2 giant cockroaches
  A goblin (D:1)
  6 hobgoblins (D:1)
  2 quokkas (D:1)
  2 bats (D:1)
  A frilled lizard (D:1)
  2 kobolds (D:1)
  4 rats (D:1)
25 creatures vanquished.

Notes
Turn   | Place    | Note
-------+----------+-------------------------------------------
     0 | D:1      | cowcol the Minotaur Fighter began the quest for the Orb.
     0 | D:1      | Reached XP level 1. HP: 19/19 MP: 0/0
    66 | D:1      | Found a faded altar of an unknown god.
   274 | D:1      | Reached XP level 2. HP: 24/27 MP: 1/1
   782 | D:2      | Reached XP level 3. HP: 28/33 MP: 2/2
   845 | D:2      | Found an ancient bone altar of Kikubaaqudgha.
   859 | D:2      | Noticed Sigmund
   883 | D:2      | Slain by Sigmund

Illustrated notes

Levels and vault maps discovered:
D:1:      scummos_arrival_simple_crosswalls, layout_basic,
          chequers_ecumenical_altar_simple
D:2:      minmay_razor_zed, layout_basic, serial_shops, shop, basic_altar,
          uniq_sigmund

Skill      XL: |  1  2 |
---------------+-------+-----
Armour         | 4 |  4.1
Fighting       | 4 |  4.1
Shields        | 4 |  4.0
Axes           | |  2.8

Action                     || total
---------------------------++-------
  Melee: War axe           ||    68
         Headbutt          ||     6
  Throw: Dart              ||     3
    Use: Scroll            ||     1
         Potion            ||     1
 Armour: Scale mail        ||    26
  Dodge: Dodged            ||    24
  Block: Buckler           ||    16
